AoeStats
← 西格玛啊基

Fortress

508675656Analyzed
4v4 RM · 9d ago on Sep 23, 2026· 51m 30s· 8 players
Game mode
Random Map
Map size
Huge
Population
200
Speed
Normal
Resources
Standard
Victory
Conquest
Starting age
Dark Age
Ending age
Imperial Age
RankedLock teamsTeams togetherTeam positionsShared explorationLock speedFull tech treeHidden civsTurbo modeCheats
Victory
Defeat
🇬🇧 Hindustanis · United Kingdom
1178
+15
🇦🇷 Maya · Argentina
1175
+15
🇭🇰 Turks · Hong Kong SAR China
1156
+16
🇵🇱 Japanese · Poland
1150
+16
🇺🇸 Varangians · United States
1217
-17
🇦🇹 Koreans · Austria
1134
-15
🇺🇸 Malians · United States
1132
-15
🇵🇪 Bulgarians · Peru
1131
-15
Macca2418
7:14 Feudal Age
7:52 Double-Bit Axe
9:17 Wheelbarrow
12:12 Castle Age
13:54 Bow Saw
15:31 Horse Collar
16:52 Loom
17:52 Gold Mining
17:53 Pikeman
20:40 Heavy Plow
22:50 Gold Shaft Mining
24:52 Imperial Age
24:47 Hand Cart
24:44 Scale Barding Armor
24:49 Forging
25:15 Heavy Camel Rider
25:56 Husbandry
26:07 Bloodlines
26:30 Conscription
27:18 Chemistry
26:40 Ballistics
27:19 Imperial Camel Rider
30:56 Gold Shaft Mining
32:51 Chain Barding Armor
33:17 Iron Casting
35:37 Plate Barding Armor
35:16 Caravan
36:20 Blast Furnace
OXYGEN
8:12 Feudal Age
9:26 Double-Bit Axe
12:20 Castle Age
10:14 Horse Collar
11:17 Gold Mining
14:21 Bow Saw
14:26 Loom
27:39 Imperial Age
29:53 Fletching
30:05 Padded Archer Armor
34:54 Gold Shaft Mining
48:06 Two-Man Saw
jkeR.!
6:56 Feudal Age
5:49 Loom
7:47 Feudal Age
12:29 Castle Age
10:43 Double-Bit Axe
10:40 Horse Collar
23:15 Bow Saw
26:02 Imperial Age
24:38 Stone Mining
24:40 Gold Mining
24:54 Heavy Plow
25:53 Wheelbarrow
27:50 Gold Shaft Mining
27:56 Conscription
27:57 Kataparuto
29:59 Two-Man Saw
30:35 Ballistics
31:16 Chemistry
30:45 Forging
30:35 Scale Mail Armor
30:41 Squires
30:26 Arson
31:11 Fletching
31:21 Padded Archer Armor
31:47 Thumb Ring
32:12 Parthian Tactics
32:37 Hand Cart
33:03 Iron Casting
32:40 Yasama
33:40 Bodkin Arrow
34:05 Leather Archer Armor
34:51 Blast Furnace
34:06 Chain Mail Armor
34:40 Bracer
35:52 Heavy Cavalry Archer
38:23 Chain Mail Armor
38:33 Guard Tower
38:28 Arrowslits
38:24 Treadmill Crane
40:58 Keep
40:57 Ring Archer Armor
40:58 Plate Mail Armor
40:35 Scale Barding Armor
42:42 Fortified Wall
42:27 Murder Holes
42:38 Siege Engineers
42:44 Masonry
42:48 Caravan
43:19 Coinage
44:51 Pikeman
45:54 Halberdier
[FeI] Red Army
0:30 Loom
8:38 Feudal Age
15:01 Castle Age
13:39 Town Watch
14:32 Wheelbarrow
13:50 Double-Bit Axe
14:13 Horse Collar
16:53 Bow Saw
18:26 Heavy Plow
21:44 Imperial Age
20:02 Fletching
22:07 Padded Archer Armor
24:08 Hand Cart
23:54 Town Patrol
24:29 Bodkin Arrow
26:57 Bracer
29:09 Leather Archer Armor
29:26 Ballistics
29:57 Elite Plumed Archer
32:10 Elite Skirmisher
32:56 Thumb Ring
34:49 Crossbowman
37:25 Thumb Ring
38:41 Ring Archer Armor
45:31 Chemistry
49:11 Arbalester
Jalapeño Horsey
8:16 Feudal Age
10:13 Double-Bit Axe
13:13 Castle Age
12:06 Scale Barding Armor
13:23 Forging
14:36 Loom
15:06 Scale Mail Armor
16:20 Husbandry
16:06 Horse Collar
18:02 Fletching
18:57 Town Watch
21:27 Wheelbarrow
25:34 Hand Cart
25:44 Bloodlines
26:45 Town Patrol
27:50 Light Cavalry
28:51 Arson
31:05 Sanctity
31:52 Iron Casting
31:33 Chain Mail Armor
31:59 Chain Barding Armor
35:34 Imperial Age
35:53 Cavalier
37:22 Plate Barding Armor
37:15 Conscription
38:11 Farimba
41:11 Bodkin Arrow
43:40 Plate Mail Armor
45:16 Pikeman
45:56 Squires
kilino
6:40 Feudal Age
11:12 Castle Age
10:01 Double-Bit Axe
9:58 Horse Collar
14:27 Wheelbarrow
17:16 Bow Saw
18:28 Town Watch
18:46 Heavy Plow
20:21 Gold Mining
20:21 Stone Mining
20:37 Town Patrol
22:33 Hand Cart
25:41 Imperial Age
22:58 Loom
24:09 Forging
23:59 Scale Mail Armor
23:54 Fletching
24:20 Bodkin Arrow
25:30 Eupseong
26:04 Ballistics
26:07 Fortified Wall
27:25 Elite War Wagon
28:46 Bracer
32:44 Husbandry
34:35 Chemistry
34:31 Arrowslits
36:27 Crossbowman
37:13 Thumb Ring
37:32 Arbalester
40:47 Capped Ram
40:48 Heavy Rocket Cart
42:24 Elite Skirmisher
46:35 Siege Engineers
48:26 Conscription
49:59 Caravan
西格玛啊基
7:21 Feudal Age
11:32 Castle Age
9:50 Double-Bit Axe
10:03 Horse Collar
10:58 Gold Mining
12:14 Wheelbarrow
11:50 Loom
14:25 Forging
19:33 Heavy Plow
25:58 Husbandry
27:09 Bow Saw
28:03 Stone Mining
29:54 Bloodlines
33:41 Imperial Age
33:48 Elite Jarl
35:34 Conscription
34:53 Capped Ram
35:41 Scale Barding Armor
36:16 Fletching
37:40 Hand Cart
37:11 Town Watch
38:35 Heavy Mounted Crossbowman
38:36 Cranequins
39:24 Elite Skirmisher
42:29 Bodkin Arrow
42:35 Padded Archer Armor
45:49 Bracer
45:50 Padded Archer Armor
46:57 Iron Casting
46:43 Chain Barding Armor
47:50 Elite Jarl
48:48 Leather Archer Armor
50:07 Ring Archer Armor
50:02 Ballistics
52:10 Two-Man Saw
Mine Grote
8:38 Feudal Age
10:13 Double-Bit Axe
13:16 Castle Age
12:19 Horse Collar
12:34 Stone Mining
12:39 Gold Mining
14:40 Wheelbarrow
19:09 Forging
21:16 Stirrups
22:14 Bow Saw
22:06 Heavy Plow
24:02 Gold Shaft Mining
26:57 Imperial Age
25:38 Stone Shaft Mining
25:47 Hand Cart
25:51 Husbandry
26:00 Scale Barding Armor
26:48 Bloodlines
27:17 Iron Casting
27:57 Elite Konnik
28:57 Scale Mail Armor
29:02 Squires
29:47 Pikeman
30:45 Chain Mail Armor
30:26 Halberdier
31:31 Conscription
32:03 Gambesons
32:58 Plate Mail Armor
32:49 Chain Barding Armor
33:54 Crop Rotation
34:51 Blast Furnace
34:27 Plate Barding Armor
38:32 Siege Engineers
38:40 Masonry
40:41 Onager
43:41 Bagains
43:18 Heavy Scorpion
46:33 Arson
Connection lost

Rejoining the realm…

Still unreachable

The connection could not be restored.

Session expired

The server has moved on; the page needs a fresh start.